Map: Prion Terraces

Players

lesha

  • Race: Terran Terran
  • League: Silver

HyDrO - Winner!

  • Race: Terran Terran

VOD

Have the link to the VOD?

Description

Time

  • Played on: Dec. 24, 2015, 9:11 a.m.
  • Length: 11:08
Show
View Real Time Build Order
Export as new Build Order

lesha Terran 

Build Orders:  

Get SALT Encoding   

  12  0:01  SCV  
  13  0:13  SCV  
  14  0:19  Supply Depot  
  14  0:25  SCV  
  15  0:41  SCV  
  15  0:42  Barracks  
  16  0:48  Refinery  
  16  0:53  SCV  
  17  1:05  SCV  
  18  1:17  SCV  
  19  1:29  SCV  
  19  1:32  Reaper  
  21  1:39  Command Center  
  21  1:45  Orbital Command  
  21  1:54  Supply Depot  
  21  2:05  Marine  
  22  2:16  Factory  
  22  2:17  Refinery  
  22  2:20  SCV  
  23  2:27  Marine  
  24  2:32  SCV  
  23  2:45  Marine  
  23  3:02  Hellion  
  23  3:04  Marine  
  25  3:12  SCV  
  25  3:13  SCV  
  26  3:25  SCV x2  
  28  3:28  Barracks  
  28  3:33  Barracks  
  28  3:35  Starport  
  28  3:39  Marine  
  29  3:44  Orbital Command  
  29  3:46  SCV  
  30  3:56  Supply Depot  
  30  3:58  SCV  
  30  4:01  Factory Tech Lab  
  30  4:10  SCV  
  31  4:18  Marine x2  
  31  4:22  SCV  
  31  4:27  SCV  
  29  4:35  SCV  
  29  4:36  Marine x3  
  31  4:39  SCV  
  30  4:47  SCV  
  31  4:53  Liberator  
  31  4:54  Marine x3  
  31  4:57  Siege Tank  
  31  4:58  Bunker  
  37  5:01  SCV  
  38  5:11  Marine  
  42  5:14  Marine x2  
  42  5:20  SCV x2  
  46  5:28  Supply Depot  
  46  5:29  Marine  
  47  5:37  Bunker  
  47  5:46  Marine x2  
  47  5:48  SCV  
  47  5:49  SCV  
  52  5:52  Supply Depot  
  52  5:58  Barracks Tech Lab  
  52  6:01  SCV x2  
  52  6:04  Marine  
  54  6:07  Marine  
  53  6:13  SCV x2  
  52  6:21  Marine  
  52  6:25  SCV x2  
  53  6:37  SCV x2  
  53  6:38  Barracks Reactor  
  56  6:40  Marauder  
  56  6:47  Marine  
  56  6:48  Medivac  
  56  6:49  SCV x2  
  56  6:50  Barracks  
  56  6:52  Barracks  
  61  7:00  Marine  
  60  7:01  SCV x2  
  60  7:04  Marine  
  63  7:12  Engineering Bay  
  63  7:13  SCV  
  64  7:17  Marine x2  
  64  7:18  Marine, Medivac  
  64  7:19  Stimpack  
  64  7:22  Marine  
  70  7:42  SCV x2, Marine x3  
  75  7:47  Missile Turret  
  74  7:52  Missile Turret  
  74  7:53  Missile Turret  
  74  7:54  SCV x2  
  70  8:06  SCV x2  
  72  8:20  Missile Turret  
  71  8:29  Missile Turret  
  71  8:31  Missile Turret  
  68  8:35  Missile Turret  
  65  8:48  Command Center  
  65  8:49  Refinery x2  
  65  8:54  Missile Turret  
  65  8:57  Missile Turret  
  65  9:06  Marine  
  65  9:07  Marine x3  
  69  9:10  Missile Turret  
  69  9:14  SCV x2  
  71  9:20  Medivac  
  73  9:24  Marine x3  
  73  9:25  Marine  
  73  9:26  SCV x2  
  77  9:39  Combat Shields  
  77  9:42  Marine x2  
  79  9:50  Medivac  
  81  9:58  Marine x2  
  82  10:00  Marine x2  
  82  10:02  Barracks Reactor x2  
  84  10:16  Marine x2  
  86  10:25  Supply Depot  
  86  10:26  Supply Depot  
  86  10:30  Supply Depot  
  86  10:46  Marine x4  
  86  10:48  Command Center  
Show
View Real Time Build Order
Export as new Build Order

HyDrO Terran - Winner!

Build Orders: Hellion Banshee 

Get SALT Encoding   

  12  0:01  SCV  
  13  0:15  Supply Depot  
  13  0:18  SCV  
  14  0:30  SCV, Refinery  
  15  0:44  Barracks  
  15  0:46  SCV  
  16  0:58  SCV  
  17  1:10  SCV  
  18  1:12  Supply Depot  
  18  1:16  Refinery  
  18  1:22  SCV  
  19  1:35  Reaper, Orbital Command  
  20  1:44  Supply Depot  
  20  1:57  Factory  
  20  2:03  SCV  
  21  2:12  Marine  
  21  2:15  SCV  
  23  2:19  Supply Depot  
  22  2:42  SCV  
  22  2:43  Factory Reactor  
  22  2:54  SCV  
  23  3:17  SCV  
  23  3:20  Starport  
  23  3:21  Hellion  
  23  3:22  Hellion  
  23  3:23  Barracks Tech Lab  
  23  3:26  Marine  
  28  3:29  SCV  
  29  3:35  Supply Depot  
  29  3:41  SCV  
  29  3:43  Hellion x2  
  34  3:52  Supply Depot  
  34  3:53  SCV  
  35  3:57  Starport Tech Lab  
  35  4:03  Widow Mine x2  
  35  4:06  SCV  
  36  4:39  Marine  
  36  4:41  Banshee  
  36  4:43  Hellion x2  
  42  4:56  Marine  
  43  5:04  Widow Mine x2  
  43  5:06  SCV  
  48  5:11  Command Center  
  48  5:16  Starport  
  48  5:18  SCV  
  49  5:24  Banshee  
  52  5:30  SCV  
  45  5:43  SCV  
  45  5:45  Widow Mine  
  45  5:46  Widow Mine  
  50  5:55  SCV  
  51  6:07  Command Center, SCV, Banshee  
  51  6:10  Marine  
  56  6:19  SCV  
  57  6:28  Marine  
  58  6:36  Hellion x2  
  58  6:38  Orbital Command  
  58  6:39  Refinery  
  59  6:41  SCV  
  59  6:46  Factory  
  60  6:50  Banshee, Factory  
  60  6:53  SCV  
  64  7:05  SCV  
  65  7:12  SCV  
  66  7:17  SCV  
  67  7:23  Refinery  
  67  7:24  SCV  
  67  7:28  Factory  
  67  7:29  SCV  
  69  7:30  Factory Tech Lab  
  69  7:32  Hellion x2  
  69  7:33  Factory  
  69  7:34  Factory Tech Lab  
  69  7:36  SCV  
  74  7:37  Orbital Command  
  74  7:41  SCV  
  75  7:48  SCV  
  73  8:18  Siege Tank x2  
  73  8:19  Hellion x2  
  83  8:39  Factory Tech Lab, Factory  
  83  8:40  Hellion  
  85  8:42  Factory Reactor  
  85  8:47  Armory  
  85  8:50  Siege Tank  
  85  8:52  Refinery  
  85  8:54  Starport Tech Lab  
  85  8:57  Engineering Bay  
  85  9:00  Banshee  
  88  9:05  Siege Tank  
  88  9:06  Hellion  
  93  9:13  Infernal Pre-Igniter  
  93  9:19  Refinery  
  93  9:26  Command Center  
  93  9:33  Hellion  
  92  9:42  Factory Tech Lab  
  92  9:45  Supply Depot  
  92  9:46  Banshee, Siege Tank  
  92  9:47  Hellion x3, Siege Tank  
  92  9:50  Supply Depot  
  107  10:08  Siege Tank  
  110  10:17  Supply Depot, Missile Turret  
  110  10:18  Missile Turret x2  
  110  10:20  Missile Turret  
  110  10:22  Siege Tank  
  113  10:37  Missile Turret  
  113  10:41  Missile Turret  
Tags
 
Composition
Hellion Banshee
League
Silver
Matchup
TvT
Race
Terran
Add a new tag
Caveats
  • Supply blocks, unpowered buildings, or Contaminate may cause inaccurate times.
  • Supply counts are checked every 10 seconds.